Map: Долина кактусов РВ (Void)

Players

Shame

  • Race: Zerg Zerg
  • League: Master
  • Spawn Location: 1:00

MeCh - Winner!

  • Race: Terran Terran
  • League: Master
  • Spawn Location: 5:00

VOD

Have the link to the VOD?

Description

Time

  • Played on: Feb. 23, 2017, 12:48 p.m.
  • Length: 16:29
Show
View Real Time Build Order
Export as new Build Order

Shame Zerg 

Build Orders: Hatch First 

Get SALT Encoding   

  12  0:00  Drone  
  13  0:12  Overlord  
  13  0:17  Drone  
  14  0:30  Drone  
  14  0:31  Drone  
  14  0:34  Drone  
  17  0:53  Hatchery  
  17  0:56  Drone  
  17  1:00  Drone  
  18  1:10  Extractor  
  17  1:15  Spawning Pool  
  16  1:19  Drone  
  16  1:24  Drone  
  18  1:30  Drone  
  19  1:40  Overlord  
  19  2:02  Queen  
  19  2:03  Zergling x4  
  19  2:04  Queen  
  19  2:05  Zergling x2  
  26  2:11  Metabolic Boost  
  26  2:17  Drone  
  26  2:18  Drone  
  28  2:23  Drone  
  29  2:32  Drone x2  
  31  2:38  Drone  
  31  2:41  Queen  
  34  2:50  Pneumatized Carapace  
  34  2:51  Drone  
  34  2:56  Overlord  
  35  3:06  Overlord, Drone  
  36  3:15  Drone x6  
  42  3:29  Drone x2  
  44  3:37  Hatchery  
  43  3:42  Queen  
  43  3:43  Drone  
  43  3:45  Drone  
  43  3:47  Drone  
  48  3:51  Drone x2  
  48  3:57  Roach Warren  
  48  3:58  Overlord  
  48  4:01  Extractor  
  45  4:03  Overlord  
  45  4:04  Extractor  
  44  4:33  Spore Crawler x2  
  44  4:37  Roach x6  
  54  4:38  Drone  
  54  4:39  Drone x2  
  54  4:43  Overlord  
  57  4:49  Drone  
  57  4:51  Drone x2  
  57  4:52  Drone x2  
  62  4:58  Drone, Extractor  
  62  4:59  Lair  
  62  5:01  Queen  
  64  5:11  Drone x5  
  69  5:17  Drone  
  69  5:18  Drone  
  71  5:22  Drone x2  
  73  5:33  Overlord x2  
  73  5:34  Overlord  
  73  5:41  Spore Crawler  
  71  5:43  Roach x4  
  79  5:56  Drone  
  73  6:12  Roach Warren  
  67  6:19  Drone x3  
  69  6:31  Drone x5  
  74  6:34  Drone x2  
  76  6:44  Spire  
  76  6:45  Drone  
  76  6:52  Roach x4  
  76  7:00  Drone  
  76  7:01  Drone  
  78  7:02  Glial Reconstitution  
  78  7:03  Ravager x2  
  78  7:04  Overlord x3  
  78  7:06  Ravager x2  
  82  7:13  Overseer  
  76  7:35  Overseer  
  70  7:44  Queen  
  70  7:46  Drone  
  70  7:47  Drone x2  
  70  7:50  Drone x2  
  70  7:51  Drone  
  77  7:57  Mutalisk x6  
  89  7:59  Zerg Flyer Weapons Level 1  
  89  8:01  Roach  
  91  8:06  Mutalisk  
  93  8:12  Mutalisk  
  93  8:13  Mutalisk x2  
  93  8:19  Mutalisk  
  101  8:22  Mutalisk  
  103  8:29  Mutalisk x2  
  103  8:31  Drone x5  
  103  8:33  Extractor  
  111  8:34  Extractor  
  111  8:36  Mutalisk  
  111  8:39  Drone x5  
  117  8:47  Drone  
  118  8:57  Mutalisk  
  118  8:58  Mutalisk  
  118  8:59  Drone x3  
  125  9:04  Drone x3  
  125  9:07  Mutalisk  
  130  9:15  Overlord x4  
  130  9:19  Overlord x2  
  130  9:24  Hatchery  
  129  9:28  Overlord x2  
  129  9:35  Mutalisk x3  
  135  9:40  Mutalisk x2  
  139  9:49  Roach x7  
  153  9:55  Drone x4  
  153  9:56  Drone x2  
  153  9:58  Roach  
  161  10:06  Roach x3  
  167  10:15  Extractor  
  167  10:16  Roach x5, Extractor  
  167  10:18  Mutalisk  
  167  10:19  Mutalisk  
  179  10:27  Infestation Pit  
  178  10:30  Mutalisk  
  178  10:33  Drone x5  
  178  10:35  Overlord x2  
  183  10:47  Roach  
  183  10:48  Roach x5  
  193  10:55  Queen  
  191  11:04  Hive  
  191  11:09  Hatchery  
  191  11:10  Ravager x3  
  191  11:11  Ravager x3  
  196  11:12  Ravager  
  196  11:18  Drone x2, Overseer x3  
  137  11:47  Roach x5  
  137  11:48  Roach x15  
  142  11:55  Roach x2  
  142  11:56  Roach x3  
  145  12:06  Zergling x16  
  145  12:07  Ravager  
  154  12:11  Drone x2  
  154  12:12  Evolution Chamber  
  154  12:13  Evolution Chamber, Ravager  
  154  12:14  Ravager x4  
  154  12:15  Ravager  
  160  12:21  Greater Spire  
  144  12:55  Corruptor x6  
  147  13:04  Queen  
  139  13:29  Extractor  
  139  13:34  Brood Lord  
  146  13:35  Brood Lord x4  
  146  13:43  Brood Lord  
  146  13:44  Zergling x6  
  146  13:45  Zergling x46  
  174  13:54  Queen  
  173  13:56  Spore Crawler  
  168  14:06  Roach x7  
  168  14:07  Roach  
  169  14:23  Overseer x2  
  164  14:26  Corruptor x4  
  167  14:33  Zerg Ground Armor Level 1, Zerg Melee Weapons Level 1  
  167  14:40  Corruptor  
  143  14:53  Roach x3  
  143  14:54  Roach x2  
  147  15:03  Roach x2  
  147  15:04  Roach x4  
  152  15:09  Corruptor  
  152  15:10  Corruptor  
  153  15:15  Zergling x6  
  147  15:32  Roach  
  147  15:33  Roach x3  
  147  15:34  Ravager x2  
  151  15:48  Baneling Nest  
  150  15:52  Drone  
  150  15:53  Drone x5  
  150  15:54  Ravager  
  150  15:55  Ravager x3  
  150  15:56  Zergling x2  
  150  15:57  Zergling x8  
  163  16:02  Ravager x4  
  169  16:09  Hydralisk Den  
  168  16:24  Extractor  
  168  16:25  Extractor  
Show
View Real Time Build Order
Export as new Build Order

MeCh Terran - Winner!

Build Orders: Reaper Expand, Mech 

Get SALT Encoding   

  12  0:00  SCV  
  13  0:17  Supply Depot  
  13  0:20  SCV  
  14  0:32  SCV  
  15  0:40  Barracks  
  15  0:43  Refinery  
  15  0:45  SCV  
  16  0:57  SCV  
  17  1:09  SCV  
  18  1:22  SCV  
  19  1:27  Reaper  
  20  1:34  Orbital Command  
  20  1:50  Command Center  
  20  1:59  SCV  
  20  2:00  Barracks Reactor  
  21  2:02  Supply Depot  
  21  2:12  SCV  
  22  2:30  SCV, Bunker  
  22  2:36  Factory  
  23  2:37  Marine x2  
  23  2:42  SCV  
  26  2:44  Refinery  
  26  2:54  SCV  
  26  2:55  Marine x2  
  29  3:05  Orbital Command  
  29  3:06  SCV  
  30  3:18  SCV  
  31  3:25  Starport  
  31  3:30  SCV, Hellion x2  
  31  3:31  SCV  
  37  3:43  SCV x2  
  37  3:46  Marine  
  40  3:51  Hellion x2  
  40  3:54  Supply Depot  
  40  3:55  SCV x2  
  46  4:01  Armory  
  46  4:15  SCV x2, Medivac  
  46  4:16  Hellion  
  52  4:17  Hellion, Supply Depot  
  54  4:29  Supply Depot  
  54  4:39  Marine, SCV x2  
  57  4:46  Command Center  
  57  4:49  Starport Tech Lab  
  57  4:51  SCV  
  58  4:58  Marine  
  58  5:00  SCV  
  58  5:01  Refinery  
  58  5:02  Hellion x2  
  58  5:03  Refinery  
  58  5:05  SCV  
  64  5:10  Banshee  
  67  5:15  Terran Vehicle Weapons Level 1  
  67  5:17  Cloaking Field  
  67  5:19  SCV  
  68  5:24  Hellion, Supply Depot  
  70  5:33  Supply Depot  
  70  5:46  SCV, Hellion x2  
  67  6:00  Banshee  
  67  6:01  Orbital Command, SCV  
  67  6:07  Hellion x2  
  71  6:11  Factory  
  71  6:12  Factory  
  71  6:13  Factory  
  68  6:23  SCV  
  68  6:25  SCV  
  66  6:29  Hellion  
  66  6:31  Hellion, Engineering Bay  
  70  6:37  SCV x3  
  73  6:42  Supply Depot  
  73  6:50  Hellion  
  75  6:55  Factory Tech Lab x2  
  75  6:56  Factory Tech Lab  
  75  6:57  Supply Depot  
  75  7:11  Orbital Command  
  75  7:12  Hellion x2  
  79  7:24  Thor x2, Siege Tank  
  79  7:25  SCV x2  
  96  7:37  SCV x2  
  95  7:48  SCV, Hellbat x2  
  95  7:50  SCV x2  
  100  7:52  Terran Vehicle Weapons Level 2, Raven  
  100  7:57  Siege Tank  
  105  8:00  SCV  
  105  8:01  Missile Turret  
  106  8:06  Missile Turret  
  106  8:08  Siege Tank x2  
  106  8:12  Refinery  
  112  8:14  Missile Turret  
  112  8:15  Missile Turret, SCV  
  112  8:16  Supply Depot  
  112  8:17  Missile Turret  
  112  8:18  Supply Depot  
  112  8:19  Missile Turret, Refinery  
  113  8:21  Hellion  
  113  8:22  Infernal Pre-Igniter  
  113  8:23  Missile Turret  
  115  8:30  Siege Tank  
  115  8:31  SCV x2  
  117  8:38  SCV  
  117  8:43  SCV  
  116  8:52  Thor x2  
  116  8:53  Hellbat x2  
  132  9:01  Supply Depot x2  
  132  9:12  Factory  
  132  9:13  Factory  
  132  9:18  Command Center  
  132  9:22  Hellbat  
  132  9:23  Thor, Hellbat  
  136  9:33  Missile Turret  
  135  9:42  Drilling Claws  
  135  9:48  Missile Turret  
  135  9:51  Missile Turret x2  
  135  9:53  Widow Mine x2  
  135  9:54  Widow Mine x2  
  135  9:57  Missile Turret  
  135  9:58  Missile Turret  
  135  9:59  Missile Turret  
  143  10:01  Missile Turret  
  143  10:06  Widow Mine  
  135  10:11  Factory Reactor x2  
  135  10:22  Thor  
  135  10:25  Widow Mine x3  
  147  10:35  Planetary Fortress  
  147  10:39  Widow Mine  
  149  10:47  SCV  
  150  10:51  Missile Turret  
  150  10:54  Widow Mine x2  
  150  10:55  Widow Mine x3  
  160  11:06  Command Center  
  160  11:09  Raven  
  162  11:12  Widow Mine, Missile Turret  
  163  11:18  Widow Mine  
  163  11:19  Widow Mine  
  163  11:24  Widow Mine, Refinery  
  163  11:25  Refinery  
  167  11:27  Widow Mine x2  
  167  11:31  Missile Turret  
  141  11:47  Widow Mine x2  
  141  11:48  Siege Tank x2  
  141  11:52  Missile Turret  
  141  11:53  Siege Tank  
  125  12:01  SCV x2  
  125  12:02  SCV x2  
  125  12:04  Liberator  
  129  12:11  Terran Vehicle Weapons Level 3  
  129  12:13  Missile Turret, Hellion, SCV  
  132  12:16  Widow Mine  
  132  12:17  Widow Mine  
  132  12:20  Siege Tank  
  142  12:33  Missile Turret  
  142  12:39  Widow Mine x2  
  142  12:40  Siege Tank x2  
  149  12:45  Starport  
  149  12:46  Starport  
  149  12:48  Liberator  
  137  12:54  Widow Mine x2, Siege Tank  
  137  12:55  Widow Mine  
  118  13:11  Liberator x2  
  124  13:12  Siege Tank  
  124  13:13  Siege Tank  
  124  13:15  Widow Mine  
  129  13:26  Siege Tank  
  126  13:30  Widow Mine  
  126  13:31  Liberator  
  134  13:38  Widow Mine  
  134  13:39  Widow Mine x2  
  140  13:44  Thor  
  146  13:53  Widow Mine x2  
  153  14:07  Siege Tank x2  
  157  14:13  Viking x2  
  159  14:22  Command Center  
  141  14:26  Widow Mine, Hellion x2  
  141  14:27  Hellion x2  
  141  14:31  Viking  
  139  14:35  Siege Tank  
  139  14:37  Widow Mine  
  134  14:39  Widow Mine, Siege Tank  
  134  14:43  Viking  
  136  14:49  Widow Mine x3  
  139  15:07  Widow Mine x2, Siege Tank  
  139  15:08  Widow Mine, Siege Tank  
  139  15:11  Siege Tank  
  154  15:16  Liberator  
  142  15:28  Widow Mine  
  142  15:29  Widow Mine  
  142  15:32  Viking x2  
  151  15:38  Planetary Fortress  
  151  15:39  Siege Tank  
  151  15:40  SCV x2, Siege Tank  
  157  15:43  Widow Mine  
  157  15:52  SCV  
  158  15:58  Factory  
  158  15:59  Factory  
  158  16:00  Widow Mine  
  163  16:08  Refinery  
  163  16:09  Refinery  
Tags
 
Add a new tag
Caveats
  • Supply blocks, unpowered buildings, or Contaminate may cause inaccurate times.
  • Supply counts are checked every 10 seconds.